 Dungeon Crawl Stone Soup version 0.24.0-125-gc4c63601f3 (webtiles) character file.

Game seed: 8134349355231845120, levelgen mode: deterministic

32 Descartes the Ducker (level 3, -2/17 HPs)
             Began as a Felid Monk on Feb 25, 2020.
             Slain by Terence
             ... wielding a +0 flail
              (8 damage)
             ... on level 1 of the Dungeon.
             The game lasted 00:03:03 (1215 turns).

Descartes the Ducker (Felid Monk)                   Turns: 1215, Time: 00:03:03

Health: -2/17      AC:  1    Str:  8    XL:     3   Next: 10%
Magic:  4/4        EV: 20    Int: 11    God:
Gold:   91         SH:  0    Dex: 18    Spells: 2/2 levels left
                                        Lives:  0   Deaths: 0

rFire    . . .     SeeInvis +     - Unarmed
rCold    . . .     Gourm    .   (shield unavailable)
rNeg     . . .     Faith    .   (armour unavailable)
rPois    .         Spirit   .   (helmet unavailable)
rElec    .         Reflect  .   (cloak unavailable)
rCorr    .         Harm     .   (gloves unavailable)
MR       .....                  (boots unavailable)
Stlth    +++.......             (no amulet)
HPRegen  0.05/turn              (no ring)
MPRegen  0.09/turn              (no ring)

@: quick
A: very small, no armour, no weapons or thrown items, stealth, claws 1, fangs 3,
see invisible, carnivore, speed 1, shaggy fur 1, slow metabolism 1, sharp paws
a: no special abilities


You were on level 1 of the Dungeon.
You were completely stuffed.

You visited 1 branch of the dungeon, and saw 2 of its levels.

You collected 91 gold pieces.

Inventory:

Missiles
 f - 35 stones
Scrolls
 b - 2 scrolls of identify {unknown}
 d - 2 scrolls of fog {unknown}
 e - a scroll of magic mapping {unknown}
 g - a scroll of amnesia {unknown}
Potions
 c - a potion of degeneration {unknown}
Comestibles
 a - 2 rations
 h - a chunk of flesh


   Skills:
 + Level 3.2 Fighting
 + Level 4.4 Dodging
 + Level 3.2 Stealth
 * Level 3.5 Unarmed Combat


You had 2 spell levels left.
You didn't know any spells.
Your spell library was empty.

Dungeon Overview and Level Annotations

Branches:
Dungeon (2/15)

Altars:

Annotations:
D:1 Terence


Innate Abilities, Weirdness & Mutations

You cannot wear armour.
You are incapable of wielding weapons or throwing items.
Your paws allow you to move quietly. (Stealth)
You have sharp claws.
You have razor-sharp teeth.
You have supernaturally acute eyesight. (SInv)
You are carnivorous and can eat meat at any time.
You cover ground quickly.
You are covered in fur. (AC +1)
You have a slow metabolism.
Your sharp claws are effective at attacking unaware monsters.


Message History

Some of the chunks of flesh in your inventory have rotted away.
There is a stone staircase leading down here.
You climb downwards.
An adder and a scorpion come into view.
There is a stone staircase leading up here.
The adder hisses angrily.
You climb upwards.
Level annotation: Terence
There is a stone staircase leading down here.
Some of the chunks of flesh in your inventory have rotted away.
Some of the chunks of flesh in your inventory have rotted away.
There is a stone staircase leading down here.
You climb downwards.
There is a stone staircase leading up here.
You start resting.
The adder is too close now for your liking.
You climb upwards.
Level annotation: Terence Terence hits you with a +0 flail!
You die...

....#.# #.................#
..#.#.#
####.#.#####........#
#.#...# #......# #........#
#.##### #......# #........#
#.# #......# ########## #.#
#....#.# #.# #....#.# #.#
#....#@# #.# ######@#####
#.# #........# #.#
#########........# #.#
#.......)(.......# #.#
#................#
#.###................#
#....................#
#####........###'###########
#####........#.............#


You could see Terence.

Vanquished Creatures
  A dart slug (D:1)
  A leopard gecko (D:1)
  2 giant cockroaches (D:1)
  2 goblins (D:1)
  5 hobgoblins (D:1)
  4 kobolds
  A quokka (D:2)
  4 bats (D:1)
  2 frilled lizards (D:1)
  5 rats
27 creatures vanquished.

Notes
Turn   | Place    | Note
-------+----------+-------------------------------------------
     0 | D:1      | Descartes the Felid Monk began the quest for the Orb.
     0 | D:1      | Reached XP level 1. HP: 10/10 MP: 2/2
   597 | D:1      | Reached XP level 2. HP: 12/14 MP: 3/3
   937 | D:1      | Reached XP level 3. HP: 13/17 MP: 4/4
  1124 | D:2      | Noticed Terence
  1170 | D:2      | Noticed a scorpion
  1215 | D:1      | Slain by Terence

Levels and vault maps discovered:
D:1:      onia_arrival_mini_spirals, layout_basic, minivault_4
D:2:      minmay_recursive_quarters, layout_loops_ring, first_ration,
          chequers_ecumenical_altar_island, uniq_terence

Skill      XL: |  1 |
---------------+----+-----
Stealth        | 3 |  3.2
Fighting       | |  3.2
Dodging        | |  4.4
Unarmed Combat | |  3.5

Action                   || total
-------------------------++-------
Melee: Unarmed           ||    73
       Bite              ||     7
       Punch             ||     2
 Stab: Sleeping          ||     5
  Eat: Chunk             ||     8
Armor: Skin              ||     6
Dodge: Dodged            ||    53
